 Dungeon Crawl Stone Soup version 0.27.1-3-gb3d3a73c9e (webtiles) character file.

Game seed: 6644810433852122032

140 Atelerd the Sneak (level 5, 0/31 HPs)
             Began as an Octopode Earth Elementalist on Oct 30, 2021.
             Succumbed to a water moccasin's poison
             ... on level 3 of the Dungeon.
             The game lasted 00:03:30 (3047 turns).

Atelerd the Sneak (Octopode Earth Elementalist)     Turns: 3047, Time: 00:03:31

Health: 0/31       AC:  1    Str:  8    XL:     5   Next: 23%
Magic:  5/9        EV: 13    Int: 18    God:
Gold:   194        SH:  0    Dex: 12    Spells: 4/9 levels left

rFire    . . .     SeeInvis .   f - +0 dagger
rCold    . . .     Faith    .   (no shield)
rNeg     . . .     Spirit   .   (helmet restricted)
rPois    .         Reflect  .   (no amulet)
rElec    .         Harm     .   (no ring)
rCorr    .         Rampage  .   (no ring)
Will     .....                  (no ring)
Stlth    ++++......             (no ring)
HPRegen  0.10/turn              (no ring)
MPRegen  0.11/turn              (no ring)
                                (no ring)
                                (no ring)

@: lethally poisoned (0 -> -6), very slightly contaminated
A: almost no armour, amphibious, 8 rings, camouflage 1, gelatinous body 1,
(nimble swimmer 1), tentacles
a: no special abilities


You were on level 3 of the Dungeon.
You visited 1 branch of the dungeon, and saw 3 of its levels.

You collected 194 gold pieces.

Inventory:

Hand Weapons
 f - a +0 dagger (weapon)
Missiles
 b - 45 stones
Scrolls
 a - a scroll of fog {unknown}
 e - a scroll of identify {unknown}
 h - a scroll of vulnerability {unknown}
Potions
 c - 3 potions of mutation {unknown}
 d - 2 potions of curing {unknown}
 g - a potion of ambrosia {unknown}
 i - a potion of might {unknown}
 j - a potion of heal wounds {unknown}


   Skills:
 - Level 2.0 Dodging
 + Level 4.3 Stealth
 + Level 2.9 Spellcasting
 + Level 2.5 Transmutations
 + Level 3.8 Earth Magic


You had 4 spell levels left.
You knew the following spells:

 Your Spells              Type           Power      Damage    Failure   Level
a - Sandblast             Erth           32%        2d9       3%          1
p - Petrify               Tmut/Erth      14%        N/A       41%         4

Your spell library contained the following spells:

 Spells                   Type           Power      Damage    Failure   Level
 Passwall                 Tmut/Erth      11%        N/A       7%          2
 Stone Arrow              Conj/Erth      18%        3d8       22%         3


Dungeon Overview and Level Annotations

Branches:
Dungeon (3/15)

Altars:

Shops:
D:2 [

Portals:
Sewer: D:3

Annotations:
D:1 exclusion: 2 downstairs


Innate Abilities, Weirdness & Mutations

You cannot wear most types of armour.
You are amphibious.
You can wear up to eight rings at the same time.
Your skin changes colour to match your surroundings (Stealth+).
Your rubbery body absorbs attacks. (AC +1, EV +1)
((You are camouflaged near water. (Stealth+)))
You have tentacles for arms and can constrict up to eight enemies at once.


Message History

A water moccasin comes into view.
The helpless water moccasin fails to defend itself.
You puncture the water moccasin! Your grab misses the water moccasin.
The water moccasin is heavily wounded.
The water moccasin bites you!
You are poisoned.
The water moccasin poisons you! The water moccasin closely misses you.
The blast of sand hits the water moccasin.
The water moccasin is severely wounded.
You feel very sick. The water moccasin misses you.
Casting: Sandblast (safe; 3% risk of failure)
Confirm with . or Enter, or press ? or * to list all spells.
Aiming: Sandblast (safe; 3% risk of failure)
Press: ? - help, Shift-Dir - straight line, f/p - water moccasin
Aim: a water moccasin (severely wounded, 66% to hit)
The blast of sand hits the water moccasin but does no damage.
The water moccasin is severely wounded.
You feel very sick. The water moccasin bites you.
The water moccasin closely misses you.
Casting: Sandblast (safe; 3% risk of failure)
Confirm with . or Enter, or press ? or * to list all spells.
Aiming: Sandblast (safe; 3% risk of failure)
Press: ? - help, Shift-Dir - straight line, f/p - water moccasin
Aim: a water moccasin (severely wounded, 66% to hit)
The blast of sand hits the water moccasin!
The water moccasin is almost dead.
You hear the slow rusting of a drain very nearby.
You feel sick. The water moccasin bites you!
* * * LOW HITPOINT WARNING * * *
Unknown command.
Casting: Sandblast (safe; 3% risk of failure)
Confirm with . or Enter, or press ? or * to list all spells.
Aiming: Sandblast (safe; 3% risk of failure)
Press: ? - help, Shift-Dir - straight line, f/p - water moccasin
Aim: a water moccasin (almost dead, 66% to hit)
You miscast Sandblast.
You are very lightly contaminated with residual magic.
Nothing appears to happen.
You die...

#..≈≈≈≈≈≈≈≈.......†)..#
#.).≈≈≈∩≈≈≈...##.#.####
#..≈≈≈≈≈≈≈≈≈.###...#
...#≈≈≈≈≈≈≈#.# ##..#
#...≈≈≈≈≈...# #..#
##..#≈..#..## ##>#
#........## #.#
#.###.#### #.# # #@#
#..S...... #.########
#. #. #. #. #.


You could see a water moccasin.

Vanquished Creatures
  An orc priest (D:3)
  Jessica (D:2)
  Robin (D:2)
  A worm (D:3)
  A dart slug (D:1)
  3 orcs (D:3)
  4 endoplasms
  2 giant cockroaches (D:1)
  14 goblins
  12 hobgoblins
  6 jackals (D:1)
  A quokka (D:1)
  A ball python (D:1)
  A bat (D:1)
  6 frilled lizards
  5 rats
60 creatures vanquished.

Vanquished Creatures (others)
  5 fungi (D:1)
  4 toadstools (D:1)
9 creatures vanquished.

Grand Total: 69 creatures vanquished

Notes
Turn   | Place    | Note
-------+----------+-------------------------------------------
     0 | D:1      | Atelerd the Octopode Earth Elementalist began the quest for
                  | the Orb.
     0 | D:1      | Reached XP level 1. HP: 11/11 MP: 3/3
   393 | D:1      | Reached skill level 3 in Stealth
   393 | D:1      | Reached XP level 2. HP: 17/17 MP: 1/5
   920 | D:1      | Reached XP level 3. HP: 21/21 MP: 4/6
  1098 | D:1      | Found a faded altar of an unknown god.
  1526 | D:2      | Found Voki's Antique Armour Emporium.
  1585 | D:2      | Noticed Robin
  1957 | D:2      | Noticed Jessica
  1961 | D:2      | Killed Jessica
  1962 | D:2      | Reached XP level 4. HP: 27/27 MP: 7/7
  1968 | D:2      | Learned a level 4 spell: Petrify
  2491 | D:2      | Killed Robin
  2492 | D:2      | Reached skill level 4 in Stealth
  2892 | D:3      | Found a glowing drain.
  2901 | D:3      | Reached XP level 5. HP: 13/31 MP: 3/9
  3038 | D:3      | Noticed a water moccasin
  3047 | D:3      | Succumbed to a water moccasin's poison

Illustrated notes

Levels and vault maps discovered:
D:1:      heliophobic_arrival_dark_side_of_the_moon, layout_basic,
          hellmonk_ecumenical_altar_dog_temple, hangedman_decor_clover_reticule,
          minmay_gold_behind_fungi
D:2:      layout_basic, serial_shops, nicolae_diamond_shop, uniq_jessica,
          uniq_robin
D:3:      layout_basic, kiku_gazebo_pond_becter, cheibrodos_sewer_entry_drain

Skill      XL: |  1  2  3  4 |
---------------+-------------+-----
Stealth        | 3 4 |  4.3
Transmutations | 2 |  2.5
Dodging        | |  2.0
Spellcasting   | |  2.9
Earth Magic    | |  3.8

Action                   |  1- 3 |  4- 6 || total
-------------------------+-------+-------++-------
Melee: Unarmed           |    24 |       ||    24
       Constrict         |     4 |     8 ||    12
       Tentacles         |     6 |     4 ||    10
       Dagger            |     1 |    33 ||    34
 Cast: Sandblast         |    48 |    26 ||    74
 Stab: Sleeping          |     2 |     1 ||     3
Armor: Skin              |     4 |     2 ||     6
Dodge: Dodged            |    33 |    35 ||    68
